 Dungeon Crawl Stone Soup version 0.30-b1-2-g02819fbbbe (webtiles) character file.

Game seed: 6003195188130547232

249 Arzdou the Slasher (level 6, -2/44 HPs)
             Began as a Merfolk Gladiator on Oct 11, 2023.
             Slain by a kobold
             ... wielding a +0 whip of distortion
              (4 damage)
             ... on level 3 of the Dungeon on Oct 15, 2023.
             The game lasted 00:10:06 (1996 turns).

Arzdou the Slasher (Merfolk Gladiator)              Turns: 1996, Time: 00:10:07

Health: -2/44      AC:  7    Str: 14    XL:     6   Next: 12%
Magic:  6/6        EV: 12    Int:  8    God:
Gold:   139        SH:  5    Dex: 17    Spells: 5/5 levels left

rFire   . . .        u - +0 scimitar
rCold   . . .        p - +0 buckler
rNeg    . . .        i - +0 ring mail
rPois   .            c - +0 helmet
rElec   .            (no cloak)
rCorr   .            n - +0 pair of gloves
SInv    .            (no boots)
Will    .....        (no amulet)
Stlth   +            (no ring)
HPRegen 0.27/turn    (no ring)
MPRegen 0.10/turn

%: no passive effects
@: about to teleport
A: (nimble swimmer 2), mertail
a: no special abilities


You were on level 3 of the Dungeon.
You visited 1 branch of the dungeon, and saw 3 of its levels.

You collected 139 gold pieces.

Inventory:

Hand Weapons
 a - a +0 long sword
 u - a +0 scimitar (weapon)
Missiles
 d - 3 throwing nets
 e - a javelin
 f - 3 poisoned darts (quivered)
Armour
 b - a +0 leather armour
 c - a +0 helmet (worn)
 i - a +0 ring mail (worn)
 n - a +0 pair of gloves (worn)
 p - a +0 buckler (worn)
Scrolls
 g - a scroll of acquirement {unknown}
 l - 2 scrolls of identify {unknown}
 m - 2 scrolls of blinking {unknown}
 s - a scroll of enchant weapon {unknown}
 w - a scroll of poison {unknown}
 x - a scroll of teleportation
 y - a scroll of fear {unknown}
Potions
 h - a potion of invisibility {unknown}
 j - a potion of mutation {unknown}
 k - a potion of magic {unknown}
 q - 2 potions of curing
 r - a potion of cancellation {unknown}
 t - a potion of brilliance {unknown}
 v - a potion of might {unknown}


   Skills:
 - Level 2.2 Fighting
 + Level 6.0 Long Blades
 + Level 3.5 Throwing
 - Level 4.0 Dodging
 + Level 2.7 Shields


You had 5 spell levels left.
You didn't know any spells.
Your spell library contained the following spells:

 Spells                   Type           Power      Damage    Failure   Level
 Blink                    Tloc           0%         N/A       88%         2
 Lesser Beckoning         Tloc           0%         N/A       88%         2
 Momentum Strike          Conj/Tloc      0%         3d8       88%         2
 Dazzling Flash           Conj/Hex       0%         N/A       98%         3
 Volatile Blastmotes      Fire/Tloc      0%         2d10      98%         3
 Animate Dead             Necr           0%         N/A       100%        4
 Iskenderun's Mystic Bla  Conj/Tloc      0%         2d3       100%        4
 Summon Ice Beast         Ice/Summ       0%         N/A       100%        4
 Summon Mana Viper        Hex/Summ       0%         N/A       100%        5
 Starburst                Conj/Fire      0%         6d3       100%        6
 Haunt                    Necr/Summ      0%         N/A       100%        7
 Monstrous Menagerie      Summ           0%         N/A       100%        7
 Infestation              Necr           0%         N/A       100%        8


Dungeon Overview and Level Annotations

Branches:
Dungeon (3/15)

Altars:
Cheibriados

Annotations:
D:3 KuroJack's ghost, weakling DEFE


Innate Abilities, Weirdness & Mutations

((You are very nimble when in or above water. (Stealth+, EV+, Speed+++)))
Your lower body shifts to a powerful aquatic tail in water.


Message History

You barely miss KuroJack's ghost.
KuroJack's ghost is lightly damaged.
The kobold hits you but does no damage. Space warps horribly around you.
KuroJack's ghost hits you.
You are poisoned.
You slash KuroJack's ghost!
KuroJack's ghost is heavily damaged.
You feel very sick. The kobold misses you.
KuroJack's ghost hits you but does no damage.
You are more poisoned.
KuroJack's ghost hits you.
You are more poisoned.
* * * LOW HITPOINT WARNING * * *
You feel very sick.
Okay, then.
It was a potion of curing.
You feel better. The kobold hits you but does no damage.
Space warps horribly around you. The kobold attacks as you move away!
You block the kobold's attack. The kobold attacks as you move away!
The kobold misses you. The kobold attacks as you move away!
The kobold hits you with a +0 whip of distortion.
Space warps around you.
* * * LOW HITPOINT WARNING * * *
KuroJack's ghost says very slowly, "There's no hope."
The kobold attacks as you move away! You block the kobold's attack.
As you read the scroll labelled ARA MIR DAQU, it crumbles to dust.
You feel strangely unstable.
It was a scroll of teleportation.
The kobold completely misses you.
You completely miss the kobold.
The kobold hits you with a +0 whip of distortion.
* * * LOW HITPOINT WARNING * * *
Space warps around you.
* * * LOW HITPOINT WARNING * * *
You closely miss the kobold. The kobold closely misses you.
The kobold attacks as you move away!
The kobold hits you with a +0 whip of distortion.
* * * LOW HITPOINT WARNING * * *
Space warps around you.
You die...

..........#.#..#########.........
)###.##.###.##.# ####.........
...#....# #....# .<...........
.#.############# ###..........
.....K.KK..K.# ####..........
###K########.### #.............
#K..# #KK.# .###.....##♣' #.###
###W#####.# #...♣♣#... ..#
#KK@....# #...♣÷#..8 ###
###########...♣♣#... #
#.....♣♣###' # #.....♣PPPP. #
#.....♣♣..P. ###
##############......♣♣PP. ..#
#...........#######..♣♣♣. #.#####
#...........# ##(.♣♣_ ......#
#...........# ##..♣♣


You could see KuroJack's ghost and 5 kobolds.

Vanquished Creatures
  13 adders
  3 dart slugs
  4 bats
  4 endoplasms
  2 giant cockroaches (D:1)
  2 hobgoblins
  7 jackals (D:2)
  4 quokkas
  9 ball pythons
  A frilled lizard (D:2)
  8 goblins
  3 kobolds
  4 rats
64 creatures vanquished.

Vanquished Creatures (collateral kills)
  A kobold brigand (D:3)
  A kobold (D:3)
2 creatures vanquished.

Vanquished Creatures (others)
  A fungus (D:3)
  A plant (D:3)
2 creatures vanquished.

Grand Total: 68 creatures vanquished

Notes
Turn   | Place    | Note
-------+----------+-------------------------------------------
     0 | D:1      | Arzdou the Merfolk Gladiator began the quest for the Orb.
     0 | D:1      | Reached XP level 1. HP: 16/16 MP: 1/1
    81 | D:1      | Reached skill level 4 in Long Blades
    87 | D:1      | x
   107 | D:1      | Reached XP level 2. HP: 22/22 MP: 2/2
   727 | D:2      | Reached XP level 3. HP: 26/27 MP: 3/3
   745 | D:2      | Found a snail-covered altar of Cheibriados.
   932 | D:2      | Reached skill level 5 in Long Blades
  1042 | D:2      | Reached skill level 1 in Shields
  1172 | D:2      | Reached XP level 4. HP: 33/33 MP: 4/4
  1563 | D:3      | Reached XP level 5. HP: 34/38 MP: 5/5
  1763 | D:3      | Found a faded altar of an unknown god.
  1933 | D:3      | Found a runed translucent gate.
  1933 | D:3      | Found a runed translucent gate.
  1933 | D:3      | Found a runed translucent gate.
  1938 | D:3      | Noticed KuroJack's ghost (weakling DEFE)
  1940 | D:3      | Noticed a kobold brigand
  1965 | D:3      | Killed a kobold brigand
  1966 | D:3      | Reached skill level 6 in Long Blades
  1966 | D:3      | Reached XP level 6. HP: 28/44 MP: 6/6
  1996 | D:3      | HP: 2/44 [kobold/+0 whip of distortion (5)]
  1996 | D:3      | Slain by a kobold

Illustrated notes

#..........###†##.####
#...†..)..............
#..........######.####
###....##### # #.#..#
#....# ###..#
##.#########..
#...†........
##......#.###
###..@.#...##
#...........
#.[..........
#!...........
#............
.......?.....#
...............
...############# ###


Turn 87 on D:1: x

Levels and vault maps discovered:
D:1:      matt_arrival_spirals, layout_rooms, minivault_11,
          kennysheep_another_room, grunt_decor_resistance
D:2:      layout_rooms, basic_altar, nicolae_titane
D:3:      layout_basic, dilly_ecumenical_altar_fadedgnrine,
          gammafunk_ghost_nasty_kobolds, minmay_snake_closets

Skill      XL: |  1  2  3  4  5 |
---------------+----------------+-----
Long Blades    | 4 5 6 |  6.0
Shields        | 1 2 |  2.7
Throwing       | 3 |  3.5
Fighting       | |  2.2
Dodging        | |  4.0

Action                     |  1- 3 |  4- 6 || total
---------------------------+-------+-------++-------
  Melee: Long sword        |   100 |       ||   100
         Punch             |     1 |       ||     1
         Scimitar          |     9 |   103 ||   112
  Throw: Dart              |     2 |       ||     2
    Use: Scroll            |       |     3 ||     3
         Potion            |       |     1 ||     1
 Armour: Ring mail         |    57 |    46 ||   103
  Dodge: Dodged            |    84 |    70 ||   154
  Block: Buckler           |    14 |    18 ||    32
